[Event "Susha Chess Blitz 2022"]
[Site "Shusha"]
[Date "2022.09.24"]
[Round "16"]
[White "Maghsoodloo, Parham"]
[Black "Vidit, Santosh Gujrathi"]
[Result "0-1"]
[ECO "E10"]
[WhiteElo "2721"]
[BlackElo "2710"]
[Annotator "TA"]
[PlyCount "82"]
[EventDate "2022.09.24"]
[EventType "tourn"]
[EventCountry "AZE"]
[SourceTitle "playchess.com"]
[Source "ChessBase"]
[SourceQuality "1"]
[TimeControl "180+2"]

1. d4 Nf6 2. c4 e6 3. Nf3 d5 4. g3 Bb4+ 5. Bd2 a5 6. Qc1 {[%emt 0:00:02] E11: Bogo-Indian.} O-O 7. Bg2 c6 {[%emt 0:00:04] [#]} 8. a3 $146 {[%emt 0:00:07] The position is equal.} ({Predecessor:} 8. O-O b6 9. Bxb4 axb4 10. Nbd2 Ba6 11. a3 Qe7 12. Ne5 Bb7 13. axb4 Rxa1 14. Qxa1 Qxb4 {½-½ (63) Sadhwani,R (2616)-Vidit,S (2727) Chess.com INT 2022}) 8... Be7 9. Bf4 b6 10. Nbd2 Ba6 11. O-O Nbd7 12. Rd1 Rc8 13. b4 h6 14. h4 Nh5 $1 15. Be3 f5 16. Qc2 Bd6 ({Don't play} 16... f4 $6 17. gxf4 Nxf4 18. Bxf4 Rxf4 19. e3) 17. c5 {[%emt 0:00:21] [#]} (17. Bh3 $15) 17... Bb8 (17... bxc5 $142 $1 18. dxc5 (18. bxc5 Bc7 $17) 18... Bb8) 18. cxb6 $17 axb4 (18... Qxb6 $17 19. Re1 Qc7) 19. Nb3 $11 Qxb6 20. axb4 Bc4 21. Nc5 Nxc5 22. bxc5 Qb7 23. Bh3 Qe7 24. Bc1 Nf6 25. Ra4 Bb5 26. Rb4 (26. Ra3 $11) 26... Ne4 $17 27. Bg2 Bc7 (27... g5 $17 28. hxg5 hxg5) 28. Bf4 $1 $15 Bxf4 29. gxf4 Ra8 30. Rdb1 Ra3 {[%emt 0:00:08] Black is much more active.} (30... Kh7 $17) 31. Qb2 {[%emt 0:00:04] Loses the game.} ({White should play} 31. e3 $1 $15) 31... Rfa8 $19 32. Rxb5 $2 (32. Qc2 {keeps fighting.}) 32... cxb5 33. Qxb5 Nc3 34. Qb7 Nxe2+ 35. Kh2 Qxb7 36. Rxb7 Nxf4 37. Ne5 Nd3 38. Nd7 Nxf2 {[%emt 0:00:04] [#] ...Ng4+ is the strong threat.} 39. Nb6 Ng4+ 40. Kg1 Ra1+ 41. Bf1 R8a2 {[%emt 0:00:05] Weighted Error Value: White=0.63/Black=0.18 (very precise)} (41... R8a3 $142 42. Rb8+ Kh7 43. Rh8+ Kxh8 44. Kg2 f4 45. Kh1 Rg3 46. h5 Rxf1#) 0-1

[Event "Susha Chess Blitz 2022"]
[Site "Shusha"]
[Date "2022.09.24"]
[Round "16"]
[White "Guseinov, Gadir"]
[Black "Durarbayli, Vasif"]
[Result "1/2-1/2"]
[ECO "B23"]
[WhiteElo "2661"]
[BlackElo "2628"]
[Annotator "TA"]
[PlyCount "49"]
[EventDate "2022.09.24"]
[EventType "tourn"]
[EventCountry "AZE"]
[SourceTitle "playchess.com"]
[Source "ChessBase"]
[SourceQuality "1"]
[TimeControl "180+2"]

1. e4 c5 2. Nc3 d6 3. Bb5+ Bd7 4. Bxd7+ Qxd7 5. d4 cxd4 6. Qxd4 {[%emt 0:00:01] B23: Closed Sicilian: Lines without g3.} Nc6 7. Qd3 g6 8. Nf3 Bg7 9. O-O Nf6 10. Nd5 O-O 11. Bg5 Nxd5 12. exd5 Ne5 13. Nxe5 Bxe5 14. c3 Bf6 15. h4 {[%emt 0:00:11] [#]} Rae8 $146 {[%emt 0:00:11] [#]} (15... Bxg5 $11 16. hxg5 f6) ({Predecessor:} 15... Bxg5 16. hxg5 e5 17. dxe6 fxe6 18. Rad1 Rad8 19. Rfe1 Rf5 20. Qe3 e5 21. c4 b6 {½-½ (48) Guseinov,G (2665)-Degardin,S (2267) Europe Echecs INT 2020}) 16. Rfe1 {[%emt 0:00:07] White is more active.} ({Better is} 16. Bh6 $1 $16) 16... Bxg5 $11 {[%emt 0:00:17] The position is equal.} 17. hxg5 e5 18. dxe6 Rxe6 19. Qd4 a6 20. Rxe6 Qxe6 21. b3 Rc8 22. Rd1 d5 {[%emt 0:00:21] Prevents c4.} 23. Qxd5 Qxd5 24. Rxd5 {[%emt 0:00:01] Threatening c4.} Rxc3 25. Rd7 {[%emt 0:00:11] Weighted Error Value: White=0.12 (very precise) /Black=0.10 (very precise)} 1/2-1/2

[Event "Susha Chess Blitz 2022"]
[Site "Shusha"]
[Date "2022.09.24"]
[Round "16"]
[White "Mamedov, Rauf"]
[Black "Radjabov, Teimour"]
[Result "1/2-1/2"]
[ECO "D79"]
[WhiteElo "2646"]
[BlackElo "2747"]
[Annotator "TA"]
[PlyCount "22"]
[EventDate "2022.09.24"]
[EventType "tourn"]
[EventCountry "AZE"]
[SourceTitle "playchess.com"]
[Source "ChessBase"]
[SourceQuality "1"]
[TimeControl "180+2"]

1. Nf3 Nf6 2. g3 g6 3. Bg2 Bg7 4. O-O O-O 5. c4 c6 6. d4 d5 7. cxd5 cxd5 8. Ne5 {[%emt 0:00:02] [#]} Ng4 $146 ({Predecessor:} 8... Ne4 9. Nd2 Nc6 10. Nxe4 dxe4 11. Nxc6 bxc6 12. Bxe4 Bh3 13. Re1 {½-½ (13) Matlakov,M (2674)-Giri,A (2773) Chess.com INT 2022}) 9. Nf3 Nf6 10. Ne5 Ng4 11. Nf3 Nf6 1/2-1/2

[Event "Susha Chess Blitz 2022"]
[Site "Shusha"]
[Date "2022.09.24"]
[Round "17"]
[White "Mamedyarov, Shakhriyar"]
[Black "Vidit, Santosh Gujrathi"]
[Result "1/2-1/2"]
[ECO "D26"]
[WhiteElo "2757"]
[BlackElo "2710"]
[Annotator "TA"]
[PlyCount "52"]
[EventDate "2022.09.24"]
[EventType "tourn"]
[EventCountry "AZE"]
[SourceTitle "playchess.com"]
[Source "ChessBase"]
[SourceQuality "1"]
[TimeControl "180+2"]

1. d4 d5 2. c4 dxc4 3. Nf3 Nf6 4. e3 e6 5. Bxc4 c5 6. O-O Nc6 7. Nc3 a6 8. Qe2 b5 9. Bb3 Bb7 10. Rd1 Be7 $1 {[%emt 0:00:02][%mdl 4] is currently scoring better than 10...Qc7. D28: Queen's Gambit Accepted: Classical main line: 7 Qe2 with early ...Nc6.} 11. d5 exd5 12. Nxd5 Nxd5 13. Bxd5 Qc7 14. a4 b4 15. e4 O-O 16. Be3 Na5 17. Rac1 Rfd8 {[%emt 0:00:20] [#]} 18. g3 $146 (18. Ng5 $5 Bxd5 19. exd5 $14) ({Predecessor:} 18. Qc2 Bxd5 19. exd5 Rac8 20. Qe4 h6 21. Nd4 Bf6 22. Nf5 Nb7 23. Qg4 Kh7 24. Nxh6 gxh6 25. Qf5+ Kg7 26. Bxh6+ Kxh6 27. Qxf6+ Kh7 28. Rc4 Kg8 29. Rh4 {1-0 (29) Seifert,V (2337)-Mayerhofer,P (2191) Aschach 2003}) 18... Bxd5 19. Rxd5 Rxd5 20. exd5 h6 21. Rd1 c4 {[%emt 0:00:13] [#]} (21... Bf6 $11 {remains equal.}) 22. Nd4 $1 $16 {[%emt 0:00:09] Strongly threatening Nf5.} Bf6 {[%emt 0:00:07] [#]} (22... Qe5 $142) 23. Nc6 (23. Nf5 $1 $16) 23... c3 $11 {[%emt 0:00:06] The position is equal.} 24. Bf4 ({But not} 24. Nxb4 $2 cxb2 25. Rb1 (25. Nxa6 $2 Qc4 $19) 25... Qc4 $19) 24... Qb6 25. Be3 Qc7 26. Bf4 ({Don't go for} 26. Nxb4 $2 cxb2 27. Rb1 (27. Nxa6 $2 Qc4 $19) 27... Qc3 $19) 26... Qb6 {[%emt 0:00:00] Weighted Error Value: White=0.25 (precise) /Black=0.18 (very precise)} 1/2-1/2

[Event "Susha Chess Blitz 2022"]
[Site "Shusha"]
[Date "2022.09.24"]
[Round "17"]
[White "Wang, Hao"]
[Black "Radjabov, Teimour"]
[Result "1/2-1/2"]
[ECO "B31"]
[WhiteElo "2722"]
[BlackElo "2747"]
[Annotator "TA"]
[PlyCount "51"]
[EventDate "2022.09.24"]
[EventType "tourn"]
[EventCountry "AZE"]
[SourceTitle "playchess.com"]
[Source "ChessBase"]
[SourceQuality "1"]
[TimeControl "180+2"]

1. e4 c5 2. Nf3 Nc6 3. Bb5 g6 4. O-O Bg7 5. Re1 Nf6 6. e5 Nd5 7. Nc3 Nc7 8. Bxc6 dxc6 9. Ne4 b6 10. Nf6+ Kf8 {[%emt 0:00:01] B31: Sicilian: 2...Nc6 3 Bb5 g6.} 11. Ne4 h6 $1 {[%emt 0:00:06][%mdl 4] is now more promising than 11...Bg4.} 12. h3 Ne6 {[%emt 0:00:01] White has an edge.} 13. d3 Kg8 14. Be3 Kh7 15. Qd2 Qd5 {[%emt 0:00:16] [#]} 16. c4 $146 ({Predecessor:} 16. Rad1 Bb7 17. h4 Rad8 18. b3 f5 19. exf6 exf6 20. Ng3 Rhe8 21. h5 g5 22. c4 {0-1 (42) Ivanov,M (2344)-Garriga Cazorla,P (2478) Chess.com INT 2021}) 16... Qd7 17. Rad1 Rd8 18. Qc1 Qc7 19. Bf4 Nxf4 20. Qxf4 Kg8 21. b3 a5 (21... g5 $5 22. Qg3 Be6 $11) 22. a4 Bf5 (22... g5 $5 23. Qh2 Ra7 $11) 23. g4 Be6 24. Qg3 Rd7 25. Rd2 Rad8 26. Red1 {Weighted Error Value: White=0.17 (very precise) /Black=0.16 (very precise)} 1/2-1/2

[Event "Susha Chess Blitz 2022"]
[Site "Shusha"]
[Date "2022.09.24"]
[Round "17"]
[White "Guseinov, Gadir"]
[Black "Kasimdzhanov, Rustam"]
[Result "1-0"]
[ECO "C68"]
[WhiteElo "2661"]
[BlackElo "2670"]
[Annotator "TA"]
[PlyCount "57"]
[EventDate "2022.09.24"]
[EventType "tourn"]
[EventCountry "AZE"]
[SourceTitle "playchess.com"]
[Source "ChessBase"]
[SourceQuality "1"]
[TimeControl "180+2"]

1. e4 e5 2. Nf3 Nc6 3. Bb5 a6 4. Bxc6 dxc6 5. O-O Ne7 6. Nxe5 Qd4 {[%emt 0:00:01][%csl LRe4,LRe5] C68: Ruy Lopez: Exchange Variation, sidelines.} 7. Qh5 g6 8. Nf3 (8. Qg5 $5 ) 8... Qxe4 {[%emt 0:00:06] White has an edge.} (8... gxh5 9. Nxd4 Rg8 10. Ne2 $16) 9. Nc3 $1 {[%emt 0:00:20][%cal Bb1c3,Bc3e4,Be4f6][%mdl 4] now scores much better than the old 9.Qa5.} Qf5 {[%emt 0:00:12] Prevents Qa5.} (9... Qxc2 $2 10. Qe5 f6 11. Qxf6 $18) 10. Qh4 f6 (10... Qxc2 $2 11. d3 (11. Qf6 Rg8 $14) 11... Qxd3 12. Rd1 $18 (12. Qf6 Rg8 $11)) (10... Bg7 $14) 11. Re1 $16 {[%emt 0:00:12] [#]} Kf7 $146 ({Predecessor:} 11... Bd7 12. Ne4 Bg7 13. d3 h5 14. Qg3 O-O-O 15. Bf4 Nd5 16. Bxc7 h4 17. Nxh4 Qh5 18. Bxd8 Qxh4 {1-0 (39) Can,I (2380)-Ponkratov,P (2625) Tornelo INT 2020}) 12. Qg3 Qd7 13. Ne4 {[%emt 0:00:09][%cal Oe4f6] Against Qd6. White is much more active. The black rooks are badly placed.} Nf5 {[%emt 0:00:06] [#] White stays focused until the end.} (13... Bg7 $1 $14) 14. Nxf6 $1 Qd6 15. Qxd6 cxd6 {[%emt 0:00:03] [#]} 16. Ne4 {[%emt 0:00:08] Threatens to win with g4. Pair of Knights!} h6 17. d3 g5 18. h3 Bd7 (18... d5 $16 {was necessary.}) 19. Bd2 Kg6 (19... Be7 $16 20. c4 Nh4) 20. Bc3 $18 ({Don't play} 20. g4 $6 Ng7 21. Bc3 Re8 $18) 20... Rh7 21. g4 {[%emt 0:00:03] Nf6 is the strong threat.} Nh4 22. Nxh4+ gxh4 23. Nf6 Rf7 24. Nxd7 Rxd7 25. f4 d5 26. f5+ Kh7 27. Kg2 Bd6 28. Re6 Bg3 29. Be1 {[%emt 0:00:02] Weighted Error Value: White=0.07 (flawless) /Black=0.29 (precise)} 1-0

[Event "Susha Chess Blitz 2022"]
[Site "Shusha"]
[Date "2022.09.24"]
[Round "17"]
[White "Mamedov, Rauf"]
[Black "Durarbayli, Vasif"]
[Result "1-0"]
[ECO "B50"]
[WhiteElo "2646"]
[BlackElo "2628"]
[Annotator "TA"]
[PlyCount "103"]
[EventDate "2022.09.24"]
[EventType "tourn"]
[EventCountry "AZE"]
[SourceTitle "playchess.com"]
[Source "ChessBase"]
[SourceQuality "1"]
[TimeControl "180+2"]

1. e4 c5 2. Nf3 d6 3. Nc3 Nf6 4. g3 g6 5. Bg2 Bg7 6. O-O O-O 7. d3 Nc6 8. Re1 Nd7 {[%emt 0:00:01] B25: Closed Sicilian: 3 g3, lines without early Be3.} 9. Ne2 {[%emt 0:00:14] [#]} Rb8 $146 ({Predecessor:} 9... Nde5 10. c3 Bd7 11. Nxe5 Nxe5 12. f4 Nc6 13. Be3 b5 14. d4 cxd4 15. Nxd4 Qa5 {1-0 (37) Johannesson,H (1705)-Kvamme,I (1444) Reykjavik 2017}) 10. a4 a6 {[%emt 0:00:03] The position is equal.} 11. c3 b5 12. axb5 axb5 13. d4 b4 14. Be3 bxc3 15. bxc3 cxd4 16. cxd4 Nf6 17. h3 Nxe4 18. Qc2 $1 Bb7 19. Rab1 {[%emt 0:00:37] Prevents Nb4.} (19. Qxe4 Nxd4 $1 20. Nfxd4 Bxe4 21. Bxe4 d5 $17) 19... d5 {[%emt 0:00:22] [#]} 20. Rxb7 Nxd4 (20... Rxb7 21. Qxc6) 21. Rxb8 ({But not} 21. Bxd4 $6 Rxb7 22. Ne5 Qd6 23. Bxe4 Bxe5 24. Bxe5 Qxe5 $11) 21... Nxc2 22. Rxd8 {[%emt 0:00:01] The board is on fire.} Rxd8 23. Rd1 Nxe3 24. fxe3 e6 25. Nfd4 Bh6 {[%emt 0:00:09] [#]} 26. Nxe6 $1 Bxe3+ (26... fxe6 27. Bxe4) 27. Kh2 fxe6 28. Bxe4 {[%emt 0:00:01][%mdl 64] Pin} Rf8 {[%emt 0:00:01] [#] And now ...Rf2+ would win.} 29. Bg2 $1 Rf2 30. Nd4 Kf7 31. Nf3 {[%emt 0:00:04] Prevents Rd2.} Kf6 32. h4 h6 33. Rd3 Bc5 34. Kh3 g5 ({Better is} 34... Ra2 $14) 35. hxg5+ hxg5 36. Nh2 {[%emt 0:00:01] Hoping for Ng4+.} Ra2 37. Ng4+ Ke7 38. Rb3 Kd6 (38... Ra7 $142) 39. Rb8 Ra7 40. Rd8+ Ke7 41. Rg8 Kd6 42. Nf6 {[%emt 0:00:03] Inhibits Rh7+.} Bd4 {[%emt 0:00:03] [#]} (42... Ke5 $142) 43. Nh5 $1 $16 Be3 44. Rg6 Rh7 45. Kg4 (45. Bf3 $18) 45... Re7 (45... Ke7 $16 46. Rg7+ (46. Ng7 Kf7 $11) 46... Rxg7 47. Nxg7 Kf7) 46. Nf6 (46. Ng7 $18 {Nf5+ is the strong threat.} Ke5 47. Kf3) 46... Ke5 47. Ng8 Re8 48. Nh6 Rf8 49. Bh3 d4 50. Kh5 d3 $2 (50... Bf2 $16 51. Rxe6+ (51. Ng4+ Ke4 $18) 51... Kd5) 51. Rxe6+ $18 Kd4 52. Nf5+ {[%emt 0:00:01] Weighted Error Value: White=0.09 (flawless) /Black=0.15 (very precise)} 1-0

[Event "Susha Chess Blitz 2022"]
[Site "Shusha"]
[Date "2022.09.24"]
[Round "18"]
[White "Radjabov, Teimour"]
[Black "Wang, Hao"]
[Result "1/2-1/2"]
[ECO "D27"]
[WhiteElo "2747"]
[BlackElo "2722"]
[Annotator "TA"]
[PlyCount "39"]
[EventDate "2022.09.24"]
[EventType "tourn"]
[EventCountry "AZE"]
[SourceTitle "playchess.com"]
[Source "ChessBase"]
[SourceQuality "1"]
[TimeControl "180+2"]

1. d4 d5 2. c4 dxc4 3. Nf3 Nf6 4. e3 e6 5. Bxc4 c5 6. O-O a6 7. dxc5 Qxd1 8. Rxd1 Bxc5 {[%emt 0:00:02] [#]} {Predecessor:} 9. b3 $146 {D27: Queen's Gambit Accepted: Classical main line: 7 e4!? and 7 a4.} b6 10. Bb2 Bb7 11. Nbd2 Nbd7 12. Be2 O-O 13. Rac1 Rfd8 14. Nc4 Rac8 15. Ne1 Ne8 16. h4 f6 17. Bg4 Kf7 18. Nd3 Bf8 19. Nf4 f5 20. Be2 {1-0 (56) Fedoseev,V (2686)-Nyzhnyk,I (2686) Chess.com INT 2022} 1/2-1/2

[Event "Susha Chess Blitz 2022"]
[Site "Shusha"]
[Date "2022.09.24"]
[Round "18"]
[White "Vidit, Santosh Gujrathi"]
[Black "Mamedyarov, Shakhriyar"]
[Result "1-0"]
[ECO "D27"]
[WhiteElo "2710"]
[BlackElo "2757"]
[Annotator "TA"]
[PlyCount "85"]
[EventDate "2022.09.24"]
[EventType "tourn"]
[EventCountry "AZE"]
[SourceTitle "playchess.com"]
[Source "ChessBase"]
[SourceQuality "1"]
[TimeControl "180+2"]

1. d4 d5 2. c4 dxc4 3. Nf3 Nf6 4. e3 e6 5. Bxc4 c5 6. O-O a6 7. Re1 {[%emt 0:00:14] D27: Queen's Gambit Accepted: Classical main line: 7 e4!? and 7 a4.} b5 8. Bf1 Bb7 9. a4 {[%emt 0:00:06] The position is equal.} b4 10. Nbd2 Nbd7 11. e4 {[%emt 0:00:19][%cal Be3e4,Be4e5][%mdl 32] And now d5 would win.} cxd4 12. e5 Nd5 {[%emt 0:00:06] [#]} ({But not} 12... Ng4 13. Nc4 $16) 13. Ne4 $146 ({Predecessor:} 13. Nc4 Be7 14. Nxd4 O-O 15. Qg4 Re8 16. Bh6 g6 17. h4 Rc8 18. h5 Nc5 19. Rad1 {1-0 (32) Grigorov,G (2511)-Rustemov,A (2525) Chess.com INT 2022}) 13... Ne3 14. fxe3 Bxe4 15. exd4 Bd5 16. a5 (16. Ng5 $16) 16... Be7 $11 17. Bd3 O-O 18. Qe2 Qc8 (18... Nb8 $11 {keeps the balance.}) 19. Ng5 $16 h6 {[%emt 0:00:31] [#]} (19... Bxg5 $16 20. Bxg5 Qb7) 20. Ne4 $2 (20. Nh7 $1 $18) 20... f5 $1 $11 21. exf6 Nxf6 22. Ng3 (22. Nd2 $5 ) 22... Bd6 23. Bd2 Qb8 24. Nf1 Qa7 25. Be3 b3 26. h3 Qf7 27. Bxa6 Nh5 {[%emt 0:00:18] White must now prevent ...Nf4.} 28. Bc4 Kh8 (28... Qc7 $11 29. Qxh5 (29. Bxd5 Rxf1+ 30. Kxf1 Ng3+ 31. Kf2 Rf8+ 32. Bf3 Nxe2 $11) 29... Qxc4) 29. Bxd5 $14 exd5 30. a6 (30. Nd2 $5 ) 30... Nf4 {[%emt 0:00:06] Prevents Qd3.} 31. Bxf4 Qxf4 32. Qe3 Qf7 (32... Qf5 $11) 33. Re2 {[%emt 0:00:11] [#]} (33. Nh2 $16) 33... Rxa6 $1 $11 34. Rae1 Raa8 35. Nd2 Bf4 36. Qxb3 Qf6 37. Qd3 Bd6 ({Better is} 37... Qa6 $11 38. Qxa6 Rxa6) 38. Nf3 $14 Qf4 39. Qg6 Rad8 40. Re6 Bb8 (40... Bb4 $14) 41. Re7 Rg8 42. Rf7 {[%emt 0:00:02] White is much more active.} Qd6 (42... Qg3 $16 43. Qf5 Rge8 44. Rxe8+ Rxe8) 43. Re6 {[%emt 0:00:02] Weighted Error Value: White=0.18 (very precise) /Black=0.22 (precise)} 1-0

[Event "Susha Chess Blitz 2022"]
[Site "Shusha"]
[Date "2022.09.24"]
[Round "18"]
[White "Kasimdzhanov, Rustam"]
[Black "Guseinov, Gadir"]
[Result "1/2-1/2"]
[ECO "B27"]
[WhiteElo "2670"]
[BlackElo "2661"]
[Annotator "TA"]
[PlyCount "102"]
[EventDate "2022.09.24"]
[EventType "tourn"]
[EventCountry "AZE"]
[SourceTitle "playchess.com"]
[Source "ChessBase"]
[SourceQuality "1"]
[TimeControl "180+2"]

1. e4 c5 2. Nf3 g6 3. c3 d5 4. exd5 Qxd5 5. d4 Bg7 6. Nbd2 {[%emt 0:00:03] Threatening Bc4. B06: Modern Defence.} cxd4 7. Bc4 Qd8 8. Qb3 {[%emt 0:00:20] White is slightly better.} e6 9. Nxd4 {[%emt 0:00:06] [#]} (9. Ne4 {keeps more tension.} Nf6 10. Bb5+ Kf8 11. Bg5) 9... Ne7 $146 ({Predecessor:} 9... Nf6 10. N2f3 O-O 11. O-O Nc6 12. Nxc6 bxc6 13. Bf4 Nd5 14. Rad1 Qb6 15. Be5 Bb7 16. Bxg7 Kxg7 {½-½ (41) Blomqvist,E (2542)-Kulaots,K (2518) Puhajarve 2021}) 10. O-O {[%emt 0:00:05] White is more active.} Nbc6 11. N2f3 O-O 12. Bg5 h6 13. Nxc6 bxc6 14. Bf4 Nd5 15. Bg3 Qb6 16. Qa3 a5 17. Qb3 {[%emt 0:00:19] [#] Strongly threatening Bxd5.} a4 18. Qxb6 (18. Qc2 $11) 18... Nxb6 $15 19. Be2 a3 20. bxa3 Nd5 21. c4 Nc3 (21... Bxa1 {seems wilder.} 22. cxd5 Bg7 23. dxc6 Rxa3 24. Bd6 Rxa2 25. Bxf8 Kxf8 26. Rd1 Ke7) 22. Rae1 {[%emt 0:00:04] [#]} Rxa3 (22... Ba6 $142 $1 23. Bd3 Rfd8) 23. Bd6 Rxa2 24. Bxf8 Nxe2+ 25. Rxe2 Rxe2 26. Bxg7 Kxg7 $17 {[%emt 0:00:01][%mdl 4096] Endgame KRB-KRN} 27. Nd4 Re4 28. Nxc6 Rxc4 29. Ne5 Rc5 30. Nd3 Rd5 31. Nf4 Rd4 32. Ne2 Rd2 33. Ng3 g5 34. Rc1 Bb7 35. h3 Bd5 36. Nf1 Rb2 37. Ne3 Be4 38. Nc4 Ra2 39. Nd6 Bg6 40. Ne8+ Kf8 41. Nf6 Ra5 42. g4 Ra8 43. Nd7+ Kg7 44. Ne5 Be4 45. f3 Bd5 ({Black should try} 45... Bg6 $17 46. Kg2 Ra5 47. Nxg6 Kxg6) 46. Rc7 $11 Rf8 47. Kf2 Kg8 48. Nd7 Rd8 49. Ne5 Rf8 50. Nd7 Ra8 51. Ne5 Rf8 {[%emt 0:00:02] Black had all chances to win.  Weighted Error Value: White=0.12 (very precise) /Black=0.12 (very precise)} 1/2-1/2

[Event "Susha Chess Blitz 2022"]
[Site "Shusha"]
[Date "2022.09.24"]
[Round "18"]
[White "Durarbayli, Vasif"]
[Black "Mamedov, Rauf"]
[Result "1-0"]
[ECO "B31"]
[WhiteElo "2628"]
[BlackElo "2646"]
[Annotator "TA"]
[PlyCount "79"]
[EventDate "2022.09.24"]
[EventType "tourn"]
[EventCountry "AZE"]
[SourceTitle "playchess.com"]
[Source "ChessBase"]
[SourceQuality "1"]
[TimeControl "180+2"]

1. e4 c5 2. Nf3 Nc6 3. Bb5 g6 4. O-O Bg7 5. c3 Nf6 6. Re1 O-O 7. d4 Qb6 {[%emt 0:00:01] Recently 7...d5 got a lot of attention.} 8. Bxc6 {[%emt 0:00:04] B31: Sicilian: 2...Nc6 3 Bb5 g6.} dxc6 9. h3 {[%emt 0:00:01] [#]} cxd4 $146 ({Predecessor:} 9... Rd8 10. Qc2 h6 11. Be3 cxd4 12. cxd4 Qa5 13. Nbd2 Be6 14. Ne5 Rac8 15. Nb3 Qa4 {1-0 (30) Sasikiran,K (2647)-Baklan,V (2587) Tornelo INT 2021}) 10. cxd4 {[%emt 0:00:01] The position is equal.} Rd8 11. a4 Be6 12. Nc3 a5 13. Qe2 Qb4 14. Be3 Bc4 15. Qc2 Bb3 {[%emt 0:00:09] A strong pair of Bishops.} 16. Qc1 Nd7 17. Ra3 Bc4 18. Na2 (18. Bd2 $14 Qb6 19. e5) 18... Bxa2 $15 19. Rxa2 c5 ({Black should play} 19... e5 $15 20. Bd2 Qb6) 20. Bd2 $11 Qb6 21. d5 e6 22. dxe6 Qxe6 23. Ra3 c4 24. Bc3 Bf8 25. Nd4 {[%emt 0:00:20] [#]} (25. Ra1 $11) 25... Qb6 $1 $17 26. Ra1 Nc5 27. Qg5 (27. Qe3 $15) 27... Bg7 $2 {[%emt 0:00:33] [#]} (27... Nd3 $17 28. Nf5 f6) 28. Nf5 $1 $14 f6 (28... Bxc3 29. bxc3) 29. Nh6+ (29. Ne7+ $14 Kf7 30. Qh4 (30. Nd5 Qc6 $16)) 29... Kf8 {[%emt 0:00:04] [#]} (29... Bxh6 $11 {remains equal.} 30. Qxh6 Nd3) 30. Qh4 $1 $16 {[%emt 0:00:04] e5 is the strong threat.} Nd3 {[%emt 0:00:02][%csl LRb2,LRe1] Prevents e5.} 31. Ng4 Rd6 $2 {[%emt 0:00:04] A mistake that costs the game.} (31... h6 $16) 32. Qxh7 $18 Nxe1 33. Rxe1 Re8 34. Qxg6 Re7 35. Re3 Rd1+ 36. Kh2 {[%emt 0:00:01] Black must now prevent e5.} Qd6+ (36... Qc7+ $142 37. Rg3 Rd3 38. Bxf6 Bxf6) 37. e5 fxe5 38. Rf3+ {[%emt 0:00:01] White mates.} Kg8 39. Nf6+ Kf8 40. Ne4+ {[%emt 0:00:01] Weighted Error Value: White=0.18 (very precise) /Black=0.49} 1-0